| TOP OF THE 1ST |
|
Burlington Bees batting - Pitching for Charleston RiverDogs : RHP Soh Kawashima
|
|
Pitching: RHP Soh Kawashima
|
|
|
Batting: RHB Jonathan Ellis
|
0-0: Swinging Strike 0-1: Swinging Strike 0-2: Strikes out swinging
|
|
Batting: RHB Ryan Munro
|
0-0: Ball 1-0: Ball 2-0: Ground out 4-3 (Groundball, 4, EV 106.9 MPH)
|
|
Batting: RHB Luis Romero
|
0-0: Ball 1-0: Called Strike 1-1: Ball 2-1: Called Strike 2-2: Ball 3-2: DOUBLE (Line Drive, 8RXD, EV 108.1 MPH)
|
|
Batting: LHB Bill Kirtley
|
0-0: Foul Ball, location: 2F 0-1: Ball 1-1: Ball 2-1: Ball 3-1: Foul Ball, location: 2F 3-2: Strikes out swinging
|
| Top of the 1st over - 0 runs, 1 hit, 0 errors, 1 left on base; Burlington 0 - Charleston 0 |
| BOTTOM OF THE 1ST |
|
Charleston RiverDogs batting - Pitching for Burlington Bees : RHP Humberto Paniagua
|
|
Pitching: RHP Humberto Paniagua
|
|
|
Batting: LHB Tatsuo Yasui
|
0-0: Called Strike 0-1: Swinging Strike 0-2: SINGLE (Groundball, 4MS, EV 69.4 MPH) (infield hit)
|
|
Batting: SHB Blake Abbott
|
0-0: Called Strike 0-1: Ball 1-1: Ball 2-1: SINGLE (Line Drive, 78M, EV 87.5 MPH) Tatsuo Yasui to second
|
|
Batting: RHB James Boynton
|
0-0: Fielders Choice at 2nd, 3-6 (Groundball, 3S, EV 90.6 MPH) Tatsuo Yasui to third
|
|
Batting: SHB Reagan Dudley
|
0-0: Called Strike 0-1: Fielders Choice at 2nd, 4-6 (Groundball, 4, EV 90.0 MPH) Tatsuo Yasui scores
|
|
Batting: RHB Riley Nasiir
|
0-0: Called Strike 0-1: Ball 1-1: Ball 2-1: Ball 3-1: Base on Balls Reagan Dudley to second
|
|
Batting: SHB Mike Goad
|
0-0: Ball 1-0: Foul Ball, location: 2F 1-1: Ball 2-1: Ball 3-1: Base on Balls Reagan Dudley to third Riley Nasiir to second
|
|
Batting: RHB Eric Blais
|
0-0: Called Strike 0-1: Fly out, F8 (Flyball, 8RXD, EV 96.3 MPH)
|
| Bottom of the 1st over - 1 run, 2 hits, 0 errors, 3 left on base; Burlington 0 - Charleston 1 |
| TOP OF THE 2ND |
|
Burlington Bees batting - Pitching for Charleston RiverDogs : RHP Soh Kawashima
|
|
Batting: LHB Rusty Ney
|
0-0: Called Strike 0-1: DOUBLE (Groundball, 3L, EV 101.9 MPH)
|
|
Batting: RHB Ryuji Ito
|
0-0: Ball 1-0: Called Strike Rusty Ney steals 3rd base 1-1: Ground out 6-3 (Groundball, 6, EV 89.4 MPH) Rusty Ney scores
|
|
Batting: LHB Jorge Zermeno
|
0-0: SOLO HOME RUN (Flyball, 9D, EV 95.0 MPH), Distance : 383 ft
|
|
Batting: RHB Ben Herman
|
0-0: Called Strike 0-1: Swinging Strike 0-2: Strikes out swinging
|
|
Batting: SHB Tim Connell
|
0-0: Fly out, F4 (Popup, 34D, EV 49.4 MPH)
|
| Top of the 2nd over - 2 runs, 2 hits, 0 errors, 0 left on base; Burlington 2 - Charleston 1 |
| BOTTOM OF THE 2ND |
|
Charleston RiverDogs batting - Pitching for Burlington Bees : RHP Humberto Paniagua
|
|
Batting: RHB Miguel Leal
|
0-0: Ball 1-0: Ground out 6-3 (Groundball, 6, EV 86.3 MPH)
|
|
Batting: LHB Alex Genao
|
0-0: Ball 1-0: Called Strike 1-1: Ground out 6-3 (Groundball, 6, EV 83.8 MPH)
|
|
Batting: LHB Tatsuo Yasui
|
0-0: Ball 1-0: Ball 2-0: Called Strike 2-1: Called Strike 2-2: Foul Ball, location: 2F 2-2: Fly out, F8 (Flyball, 8LM, EV 86.9 MPH)
|
| Bottom of the 2nd over - 0 runs, 0 hits, 0 errors, 0 left on base; Burlington 2 - Charleston 1 |
| TOP OF THE 3RD |
|
Burlington Bees batting - Pitching for Charleston RiverDogs : RHP Soh Kawashima
|
|
Batting: RHB Jonathan Ellis
|
0-0: Ball 1-0: Called Strike 1-1: Ball 2-1: Foul Ball, location: 2F 2-2: Ground out 4-3 (Groundball, 4M, EV 98.8 MPH)
|
|
Batting: RHB Ryan Munro
|
0-0: Ground out 5-3 (Groundball, 56, EV 84.4 MPH)
|
|
Batting: RHB Luis Romero
|
0-0: Ball 1-0: Ball 2-0: Ball 3-0: Base on Balls
|
|
Batting: LHB Bill Kirtley
|
0-0: Called Strike 0-1: Ball 1-1: Ball 2-1: Swinging Strike 2-2: Ground out 4-3 (Groundball, 4, EV 81.9 MPH)
|
| Top of the 3rd over - 0 runs, 0 hits, 0 errors, 1 left on base; Burlington 2 - Charleston 1 |
| BOTTOM OF THE 3RD |
|
Charleston RiverDogs batting - Pitching for Burlington Bees : RHP Humberto Paniagua
|
|
Batting: SHB Blake Abbott
|
0-0: Called Strike 0-1: Ball 1-1: Ground out 4-3 (Groundball, 34, EV 94.4 MPH)
|
|
Batting: RHB James Boynton
|
0-0: Ball 1-0: Foul Ball, location: 2F 1-1: Ball 2-1: SINGLE (Groundball, 34S, EV 75.6 MPH) (infield hit)
|
|
Batting: SHB Reagan Dudley
|
0-0: Fielders Choice at 2nd, 3-6 (Groundball, 3, EV 87.5 MPH)
|
|
Batting: RHB Riley Nasiir
|
0-0: Swinging Strike 0-1: Called Strike 0-2: Ball 1-2: Ball 2-2: Ball 3-2: Base on Balls Reagan Dudley to second
|
|
Batting: SHB Mike Goad
|
0-0: Ball 1-0: Foul Ball, location: 2F 1-1: Ball 2-1: Foul Ball, location: 2F 2-2: Ball Wild Pitch! Reagan Dudley to third Riley Nasiir to second 3-2: SINGLE (Groundball, P, EV 85.0 MPH) (infield hit) Reagan Dudley scores Riley Nasiir to third
|
|
Batting: RHB Eric Blais
|
0-0: Ball 1-0: Fielders Choice at 2nd, 6-4 (Groundball, 6, EV 83.8 MPH)
|
| Bottom of the 3rd over - 1 run, 2 hits, 0 errors, 2 left on base; Burlington 2 - Charleston 2 |
| TOP OF THE 4TH |
|
Burlington Bees batting - Pitching for Charleston RiverDogs : RHP Soh Kawashima
|
|
Batting: LHB Rusty Ney
|
0-0: Ball 1-0: Ground out 1-3 (Groundball, 13S, EV 72.5 MPH)
|
|
Batting: RHB Ryuji Ito
|
0-0: Ball 1-0: Foul Ball, location: 2F 1-1: Ball 2-1: DOUBLE (Line Drive, 78D, EV 110.0 MPH)
|
|
Batting: LHB Jorge Zermeno
|
0-0: Called Strike 0-1: SINGLE (Groundball, 4M, EV 111.3 MPH) (infield hit) Ryuji Ito to third
|
|
Batting: RHB Ben Herman
|
0-0: Foul Ball, location: 2F 0-1: Fielders Choice at 2nd, 5-4 (Groundball, 56, EV 100.6 MPH) Ryuji Ito scores
|
|
Batting: SHB Tim Connell
|
0-0: Ball 1-0: Foul Ball, location: 2F 1-1: Called Strike 1-2: Ball 2-2: Ground out 4-3 (Groundball, 4, EV 78.1 MPH)
|
| Top of the 4th over - 1 run, 2 hits, 0 errors, 1 left on base; Burlington 3 - Charleston 2 |
| BOTTOM OF THE 4TH |
|
Charleston RiverDogs batting - Pitching for Burlington Bees : RHP Humberto Paniagua
|
|
Batting: RHB Miguel Leal
|
0-0: DOUBLE (Flyball, 8LXD, EV 101.9 MPH)
|
|
Batting: LHB Alex Genao
|
0-0: Called Strike 0-1: Ball 1-1: Fly out, F2 (Popup, 23F, EV 83.1 MPH)
|
|
Batting: LHB Tatsuo Yasui
|
0-0: Ball 1-0: Fly out, F8 (Line Drive, 8RD, EV 95.0 MPH)
|
|
Batting: SHB Blake Abbott
|
0-0: Ball 1-0: Foul Ball, location: 2F 1-1: Called Strike 1-2: Ground out 4-3 (Groundball, 4, EV 98.8 MPH)
|
| Bottom of the 4th over - 0 runs, 1 hit, 0 errors, 1 left on base; Burlington 3 - Charleston 2 |
| TOP OF THE 5TH |
|
Burlington Bees batting - Pitching for Charleston RiverDogs : RHP Soh Kawashima
|
|
Batting: RHB Jonathan Ellis
|
0-0: Ball 1-0: Called Strike 1-1: Foul Ball, location: 2F 1-2: Ball 2-2: TRIPLE (Flyball, 89XD, EV 100.0 MPH)
|
|
Batting: RHB Ryan Munro
|
0-0: Swinging Strike 0-1: Swinging Strike 0-2: Ball 1-2: Strikes out swinging
|
|
Batting: RHB Luis Romero
|
0-0: Ball 1-0: Foul Ball, location: 2F 1-1: Reached on error, E4 (Groundball, 4, EV 79.4 MPH) Jonathan Ellis scores
|
|
Batting: LHB Bill Kirtley
|
0-0: Ball 1-0: Foul Ball, location: 2F 1-1: Ball 2-1: Grounds into double play, 4-6-3 (Groundball, 4, EV 103.8 MPH)
|
| Top of the 5th over - 1 run, 1 hit, 1 error, 0 left on base; Burlington 4 - Charleston 2 |
| BOTTOM OF THE 5TH |
|
Charleston RiverDogs batting - Pitching for Burlington Bees : RHP Humberto Paniagua
|
|
Batting: RHB James Boynton
|
0-0: Foul Ball, location: 2F 0-1: Ball 1-1: Ground out 6-3 (Groundball, 6S, EV 91.9 MPH)
|
|
Batting: SHB Reagan Dudley
|
0-0: Foul Ball, location: 2F 0-1: Ball 1-1: Fly out, F9 (Flyball, 9LS, EV 75.0 MPH)
|
|
Batting: RHB Riley Nasiir
|
0-0: Ball 1-0: Swinging Strike 1-1: Ground out 6-3 (Groundball, 6, EV 90.6 MPH)
|
| Bottom of the 5th over - 0 runs, 0 hits, 0 errors, 0 left on base; Burlington 4 - Charleston 2 |
| TOP OF THE 6TH |
|
Burlington Bees batting - Pitching for Charleston RiverDogs : RHP Soh Kawashima
|
|
Batting: LHB Rusty Ney
|
0-0: Fly out, F8 (Flyball, 8LS, EV 91.9 MPH)
|
|
Batting: RHB Ryuji Ito
|
0-0: Ball 1-0: Ball 2-0: Swinging Strike 2-1: Ball 3-1: Called Strike 3-2: Foul Ball, location: 2F 3-2: Ground out 6-3 (Groundball, 6MD, EV 101.9 MPH)
|
|
Batting: LHB Jorge Zermeno
|
0-0: Called Strike 0-1: Swinging Strike 0-2: Strikes out swinging
|
| Top of the 6th over - 0 runs, 0 hits, 0 errors, 0 left on base; Burlington 4 - Charleston 2 |
| BOTTOM OF THE 6TH |
|
Charleston RiverDogs batting - Pitching for Burlington Bees : RHP Humberto Paniagua
|
|
Batting: SHB Mike Goad
|
0-0: Ball 1-0: Ball 2-0: Called Strike 2-1: Ball 3-1: Ground out 6-3 (Groundball, 6, EV 105.0 MPH)
|
|
Batting: RHB Eric Blais
|
0-0: Ball 1-0: Ball 2-0: Called Strike 2-1: Ball 3-1: Ground out 5-3 (Groundball, 56S, EV 88.8 MPH)
|
|
Batting: RHB Miguel Leal
|
0-0: Ground out 4-3 (Groundball, 4M, EV 76.9 MPH)
|
| Bottom of the 6th over - 0 runs, 0 hits, 0 errors, 0 left on base; Burlington 4 - Charleston 2 |
| TOP OF THE 7TH |
|
Burlington Bees batting - Pitching for Charleston RiverDogs : RHP Soh Kawashima
|
|
Batting: RHB Ben Herman
|
0-0: Ball 1-0: Foul Ball, location: 2F 1-1: Ball 2-1: SINGLE (Flyball, 3D, EV 93.8 MPH)
|
|
Pitching: RHP Colin Stone
|
|
|
Batting: SHB Tim Connell
|
0-0: Swinging Strike 0-1: Called Strike 0-2: Ball 1-2: Ball 2-2: Fielders Choice at 2nd, 4-6 (Groundball, 34D, EV 84.4 MPH)
|
|
Batting: RHB Jonathan Ellis
|
0-0: Ball 1-0: Called Strike 1-1: Called Strike 1-2: Ball 2-2: SINGLE (Groundball, 6MD, EV 100.6 MPH) Tim Connell to second
|
|
Batting: RHB Ryan Munro
|
0-0: Called Strike Tim Connell steals 3rd base Jonathan Ellis to second 0-1: Ball 1-1: Ball 2-1: Swinging Strike 2-2: Ball 3-2: Ground out 6-3 (Groundball, 6, EV 110.0 MPH) Tim Connell scores
|
|
Batting: RHB Luis Romero
|
0-0: Called Strike 0-1: SINGLE (Groundball, 5L, EV 107.5 MPH) (infield hit) Jonathan Ellis to third
|
|
Batting: LHB Bill Kirtley
|
0-0: Ball 1-0: Swinging Strike 1-1: Ball 2-1: Ball 3-1: Foul Ball, location: 2F 3-2: Base on Balls Luis Romero to second
|
|
Batting: LHB Rusty Ney
|
0-0: Swinging Strike 0-1: Ball 1-1: Foul Ball, location: 2F 1-2: Foul Ball, location: 2F 1-2: Ball 2-2: Ball 3-2: Foul Ball, location: 2F 3-2: Foul Ball, location: 2F 3-2: Strikes out swinging
|
| Top of the 7th over - 1 run, 3 hits, 0 errors, 3 left on base; Burlington 5 - Charleston 2 |
| BOTTOM OF THE 7TH |
|
Charleston RiverDogs batting - Pitching for Burlington Bees : RHP Humberto Paniagua
|
|
Pitching: LHP Tyler Kenney
|
|
|
Batting: LHB Alex Genao
|
0-0: Ground out 4-3 (Groundball, 4D, EV 99.4 MPH)
|
|
Batting: LHB Tatsuo Yasui
|
0-0: Swinging Strike 0-1: Ball 1-1: Foul Ball, location: 2F 1-2: Foul Ball, location: 2F 1-2: Fly out, F8 (Flyball, 8LD, EV 86.3 MPH)
|
|
Batting: SHB Blake Abbott
|
0-0: Ball 1-0: SOLO HOME RUN (Flyball, 7LD, EV 96.9 MPH), Distance : 364 ft
|
|
Batting: RHB James Boynton
|
0-0: Ball 1-0: Foul Ball, location: 2F 1-1: Ball 2-1: Ground out 3-1 (Groundball, 34, EV 82.5 MPH)
|
| Bottom of the 7th over - 1 run, 1 hit, 0 errors, 0 left on base; Burlington 5 - Charleston 3 |
| TOP OF THE 8TH |
|
Burlington Bees batting - Pitching for Charleston RiverDogs : RHP Colin Stone
|
|
Pitching: RHP Gabe Pomales
|
|
|
Batting: RHB Ryuji Ito
|
0-0: Ball 1-0: Ball 2-0: Foul Ball, location: 2F 2-1: SINGLE (Flyball, 5D, EV 88.1 MPH)
|
|
Batting: LHB Jorge Zermeno
|
0-0: Called Strike 0-1: Ball Ryuji Ito is caught stealing 2nd base 2-6 1-1: Foul Ball, location: 2F 1-2: Strikes out looking
|
|
Batting: RHB Ben Herman
|
0-0: Swinging Strike 0-1: Fly out, F9 (Flyball, 89D, EV 76.9 MPH)
|
| Top of the 8th over - 0 runs, 1 hit, 0 errors, 0 left on base; Burlington 5 - Charleston 3 |
| BOTTOM OF THE 8TH |
|
Charleston RiverDogs batting - Pitching for Burlington Bees : LHP Tyler Kenney
|
|
Batting: SHB Reagan Dudley
|
0-0: Ball 1-0: Foul Ball, location: 2F 1-1: Fly out, F8 (Line Drive, 8RM, EV 99.4 MPH)
|
|
Batting: RHB Riley Nasiir
|
0-0: Called Strike 0-1: Swinging Strike 0-2: Ground out 5-3 (Groundball, 56S, EV 83.8 MPH)
|
|
Batting: SHB Mike Goad
|
0-0: Called Strike 0-1: SINGLE (Groundball, 4MD, EV 107.5 MPH)
|
|
Batting: RHB Eric Blais
|
0-0: Called Strike 0-1: Reached on error, E1 (Groundball, 15S, EV 60.6 MPH) Mike Goad to second
|
|
Batting: RHB Miguel Leal
|
0-0: Reached on error, E1 (Groundball, 15S, EV 75.0 MPH) Mike Goad scores Eric Blais to third
|
|
Batting: LHB Alex Genao
|
0-0: Foul Ball, location: 2F 0-1: Called Strike 0-2: Ball 1-2: Ball 2-2: Fly out, F7 (Flyball, 7LD, EV 91.9 MPH)
|
| Bottom of the 8th over - 1 run, 1 hit, 2 errors, 2 left on base; Burlington 5 - Charleston 4 |
| TOP OF THE 9TH |
|
Burlington Bees batting - Pitching for Charleston RiverDogs : RHP Gabe Pomales
|
|
Batting: SHB Tim Connell
|
0-0: Ball 1-0: Ball 2-0: Called Strike 2-1: Ball 3-1: Base on Balls
|
|
Batting: RHB Jonathan Ellis
|
0-0: Fielders Choice at 2nd, 6-4 (Groundball, 6MD, EV 83.8 MPH)
|
|
Batting: RHB Ryan Munro
|
0-0: Called Strike Jonathan Ellis steals 2nd base 0-1: Called Strike 0-2: Ball 1-2: Ball 2-2: Strikes out swinging
|
|
Batting: RHB Luis Romero
|
0-0: SINGLE (Groundball, 4MD, EV 106.3 MPH) Jonathan Ellis to third Runner from 3rd tries for Home, throw by CF and OUT! 8-2
|
| Top of the 9th over - 0 runs, 1 hit, 0 errors, 1 left on base; Burlington 5 - Charleston 4 |
| BOTTOM OF THE 9TH |
|
Charleston RiverDogs batting - Pitching for Burlington Bees : LHP Tyler Kenney
|
|
Pitching: RHP Trece Hunter
|
|
|
Batting: LHB Tatsuo Yasui
|
0-0: Ball 1-0: Called Strike 1-1: Swinging Strike 1-2: Strikes out swinging
|
|
Batting: SHB Blake Abbott
|
0-0: Called Strike 0-1: Ball 1-1: Called Strike 1-2: Foul Ball, location: 2F 1-2: Foul Ball, location: 2F 1-2: Ball 2-2: Ground out 4-3 (Groundball, 34D, EV 78.1 MPH)
|
|
Batting: RHB James Boynton
|
0-0: Ball 1-0: Ball 2-0: Ball 3-0: Base on Balls
|
|
Batting: SHB Reagan Dudley
|
0-0: Called Strike 0-1: Swinging Strike 0-2: Ball Pickoff Throw to First - Error! E1 James Boynton to second 1-2: Ball 2-2: Fly out, F8 (Flyball, 89S, EV 92.5 MPH)
|
| Bottom of the 9th over - 0 runs, 0 hits, 1 error, 1 left on base; Burlington 5 - Charleston 4 |
|